3A
MT. VERNON BULLS @ HIGHWOOD HAWKS
05/20/2034
 
TOP OF THE 1ST
Mt. Vernon Bulls batting - Pitching for Highwood Hawks : LHP Kidlat Tria
Pitching: LHP Kidlat Tria
Batting: RHB Ionut Tintoaca 0-0: Ball
1-0: Ball
2-0: Called Strike
2-1: Ball
3-1: Base on Balls
Batting: RHB Kamakakoa Kaponianani 0-0: Ball
1-0: Ball
2-0: Called Strike
2-1: Foul Ball, location: 2F
2-2: Strikes out looking
Batting: LHB Tomás Muinos 0-0: Ball
1-0: Grounds into double play, 4-6-3 (Groundball, 4)
Top of the 1st over - 0 runs, 0 hits, 0 errors, 0 left on base; Mt. Vernon 0 - Highwood 0
BOTTOM OF THE 1ST
Highwood Hawks batting - Pitching for Mt. Vernon Bulls : RHP Shawn Coleman
Pitching: RHP Shawn Coleman
Batting: SHB Leon Green 0-0: Called Strike
0-1: Bunted foul
0-2: Ball
1-2: Ball
2-2: Ball
3-2: Base on Balls
Batting: LHB Scott Miles 0-0: Ball
1-0: Ball
2-0: Called Strike
Leon Green steals 2nd base
2-1: Swinging Strike
2-2: Strikes out looking
Batting: SHB Arvo Helminen 0-0: Ball
1-0: Ball
2-0: Called Strike
2-1: Ball
3-1: Fly out, F6 (Line Drive, 56D)
Lined into DP, 6-4 (Line Drive, 56D)
Bottom of the 1st over - 0 runs, 0 hits, 0 errors, 0 left on base; Mt. Vernon 0 - Highwood 0
TOP OF THE 2ND
Mt. Vernon Bulls batting - Pitching for Highwood Hawks : LHP Kidlat Tria
Batting: RHB Bailey Gribbins 0-0: Called Strike
0-1: Ball
1-1: Swinging Strike
1-2: Ball
2-2: Strikes out looking
Batting: RHB Tony Cardenas 0-0: Called Strike
0-1: Called Strike
0-2: Ball
1-2: Strikes out looking
Batting: RHB Modesto González 0-0: Called Strike
0-1: Foul Ball, location: 2F
0-2: Ball
1-2: Ball
2-2: Foul Ball, location: 2F
2-2: Foul Ball, location: 2F
2-2: Reached on error, E5 (Groundball, 56)
Batting: RHB Hsin-ping Teoh 0-0: Called Strike
0-1: Ball
1-1: Foul Ball, location: 2F
1-2: Ball
2-2: Strikes out swinging
Top of the 2nd over - 0 runs, 0 hits, 1 error, 1 left on base; Mt. Vernon 0 - Highwood 0
BOTTOM OF THE 2ND
Highwood Hawks batting - Pitching for Mt. Vernon Bulls : RHP Shawn Coleman
Batting: LHB Yi-da Yee 0-0: Called Strike
0-1: Foul Ball, location: 2F
0-2: SINGLE (Flyball, 9LS)
Batting: RHB Jon Deal 0-0: Foul Ball, location: 2F
0-1: Ball
1-1: Ball
2-1: Swinging Strike
2-2: Ball
3-2: Grounds into double play, 6-4-3 (Groundball, 6)
Batting: RHB Jimmy Scott 0-0: Ball
1-0: Ball
2-0: Ball
3-0: Called Strike
3-1: Base on Balls
Batting: RHB David Warren 0-0: Swinging Strike
0-1: Ball
1-1: Foul Ball, location: 2F
1-2: Ball
2-2: Foul Ball, location: 2F
2-2: Foul Ball, location: 2F
2-2: Foul Ball, location: 2F
2-2: Foul Ball, location: 2F
2-2: Strikes out swinging
Bottom of the 2nd over - 0 runs, 1 hit, 0 errors, 1 left on base; Mt. Vernon 0 - Highwood 0
TOP OF THE 3RD
Mt. Vernon Bulls batting - Pitching for Highwood Hawks : LHP Kidlat Tria
Batting: SHB Roy Snider 0-0: Ball
1-0: Fly out, F9 (Flyball, 9S)
Batting: RHB Jiao-long Xú 0-0: Ball
1-0: Ball
2-0: Foul Ball, location: 2F
2-1: Foul Ball, location: 2F
2-2: Ball
3-2: Foul Ball, location: 2F
3-2: Reached on error, E5 (Groundball, 2L)
Batting: RHB Ionut Tintoaca 0-0: Called Strike
Jiao-long Xú steals 2nd base
0-1: Fly out, F9 (Flyball, 9S)
Batting: RHB Kamakakoa Kaponianani 0-0: Ball
1-0: Fly out, F8 (Flyball, 8RM)
Top of the 3rd over - 0 runs, 0 hits, 1 error, 1 left on base; Mt. Vernon 0 - Highwood 0
BOTTOM OF THE 3RD
Highwood Hawks batting - Pitching for Mt. Vernon Bulls : RHP Shawn Coleman
Batting: RHB Jamal Grant 0-0: Called Strike
0-1: Fly out, F6 (Line Drive, 6M)
Batting: RHB Walt Mastin 0-0: Called Strike
0-1: Hit by Pitch
Batting: SHB Leon Green 0-0: Ball
1-0: Ball
2-0: Called Strike
2-1: Swinging Strike
2-2: Strikes out swinging
Batting: LHB Scott Miles 0-0: Ball
1-0: Called Strike
1-1: Foul Ball, location: 2F
1-2: Ball
2-2: Foul Ball, location: 2F
2-2: Ball
3-2: Fly out, F9 (Flyball, 89D)
Bottom of the 3rd over - 0 runs, 0 hits, 0 errors, 1 left on base; Mt. Vernon 0 - Highwood 0
TOP OF THE 4TH
Mt. Vernon Bulls batting - Pitching for Highwood Hawks : LHP Kidlat Tria
Batting: LHB Tomás Muinos 0-0: Foul Ball, location: 2F
0-1: Ball
1-1: Foul Ball, location: 2F
1-2: Ball
2-2: Ball
3-2: Foul Ball, location: 2F
3-2: SINGLE (Line Drive, 34D)
Batting: RHB Bailey Gribbins 0-0: Foul Ball, location: 2F
0-1: Grounds into double play, 6-4-3 (Groundball, 6)
Batting: RHB Tony Cardenas 0-0: Fly out, F9 (Flyball, 9LS)
Top of the 4th over - 0 runs, 1 hit, 0 errors, 0 left on base; Mt. Vernon 0 - Highwood 0
BOTTOM OF THE 4TH
Highwood Hawks batting - Pitching for Mt. Vernon Bulls : RHP Shawn Coleman
Batting: SHB Arvo Helminen 0-0: Ground out 3-1 (Groundball, 34)
Batting: LHB Yi-da Yee 0-0: Ball
1-0: Called Strike
1-1: Swinging Strike
1-2: Strikes out swinging
Pitching: RHP Wilson López
Batting: RHB Jon Deal 0-0: Ball
1-0: Foul Ball, location: 2F
1-1: Foul Ball, location: 2F
1-2: Ground out 5-3 (Groundball, 5)
Bottom of the 4th over - 0 runs, 0 hits, 0 errors, 0 left on base; Mt. Vernon 0 - Highwood 0
TOP OF THE 5TH
Mt. Vernon Bulls batting - Pitching for Highwood Hawks : LHP Kidlat Tria
Batting: RHB Modesto González 0-0: Ball
1-0: Fly out, F8 (Flyball, 8RM)
Batting: RHB Hsin-ping Teoh 0-0: Ball
1-0: Fly out, F5 (Flyball, 5DF)
Batting: SHB Roy Snider 0-0: Ball
1-0: Called Strike
1-1: Foul Ball, location: 2F
1-2: Strikes out swinging
Top of the 5th over - 0 runs, 0 hits, 0 errors, 0 left on base; Mt. Vernon 0 - Highwood 0
BOTTOM OF THE 5TH
Highwood Hawks batting - Pitching for Mt. Vernon Bulls : RHP Wilson López
Batting: RHB Jimmy Scott 0-0: Ball
1-0: Swinging Strike
1-1: Called Strike
1-2: Ball
2-2: Fly out, F7 (Flyball, 7LSF)
Batting: RHB David Warren 0-0: Ball
1-0: Called Strike
1-1: Swinging Strike
1-2: Foul Ball, location: 2F
1-2: Ball
2-2: DOUBLE (Flyball, 78D)
Batting: RHB Jamal Grant 0-0: Called Strike
0-1: Ball
1-1: TRIPLE (Line Drive, 8RXD)
David Warren scores
Batting: RHB Walt Mastin 0-0: Called Strike
0-1: Foul Ball, location: 2F
0-2: Foul Ball, location: 2F
0-2: Foul Ball, location: 2F
0-2: Fly out, F8 (Line Drive, 78M)
Runner from 3rd tags up, SCORES, no throw
Batting: SHB Leon Green 0-0: Swinging Strike
0-1: Called Strike
0-2: SINGLE (Flyball, 89S)
Batting: LHB Scott Miles 0-0: Ball
1-0: Called Strike
1-1: Ball
2-1: Ball
3-1: Base on Balls
Leon Green to second
Batting: SHB Arvo Helminen 0-0: Ball
1-0: Called Strike
1-1: Swinging Strike
1-2: Ball
2-2: Strikes out swinging
Bottom of the 5th over - 2 runs, 3 hits, 0 errors, 2 left on base; Mt. Vernon 0 - Highwood 2
TOP OF THE 6TH
Mt. Vernon Bulls batting - Pitching for Highwood Hawks : LHP Kidlat Tria
Batting: RHB Jiao-long Xú 0-0: Called Strike
0-1: Called Strike
0-2: Ball
1-2: Foul Ball, location: 2F
1-2: Ball
2-2: Foul Ball, location: 2F
2-2: Ground out 6-3 (Groundball, 6)
Batting: RHB Ionut Tintoaca 0-0: Called Strike
0-1: Swinging Strike
0-2: Ground out 4-3 (Groundball, 4)
Batting: RHB Kamakakoa Kaponianani 0-0: Ball
1-0: Foul Ball, location: 2F
1-1: SINGLE (Line Drive, 56)
Batting: LHB Tomás Muinos 0-0: Ball
1-0: Called Strike
1-1: Ground out 4-3 (Groundball, 4M)
Top of the 6th over - 0 runs, 1 hit, 0 errors, 1 left on base; Mt. Vernon 0 - Highwood 2
BOTTOM OF THE 6TH
Highwood Hawks batting - Pitching for Mt. Vernon Bulls : RHP Wilson López
Batting: LHB Yi-da Yee 0-0: Ball
1-0: Ball
2-0: Ball
3-0: Base on Balls
Batting: RHB Jon Deal 0-0: Ball
1-0: Swinging Strike
1-1: Ground out 6-3 (Groundball, 6S)
Yi-da Yee to second
Batting: RHB Jimmy Scott 0-0: Fly out, F7 (Flyball, 7)
Batting: RHB David Warren 0-0: SINGLE (Line Drive, 89S)
Yi-da Yee to third
Batting: RHB Jamal Grant 0-0: Ball
1-0: Fly out, F7 (Line Drive, 78XD)
Bottom of the 6th over - 0 runs, 1 hit, 0 errors, 2 left on base; Mt. Vernon 0 - Highwood 2
TOP OF THE 7TH
Mt. Vernon Bulls batting - Pitching for Highwood Hawks : LHP Kidlat Tria
Batting: RHB Bailey Gribbins 0-0: SINGLE (Groundball, 6MD)
Batting: RHB Tony Cardenas 0-0: Called Strike
0-1: Ball
1-1: Foul Ball, location: 2F
1-2: Grounds into double play, 6-4-3 (Groundball, 6)
Batting: RHB Modesto González 0-0: Ball
1-0: Ball
2-0: Ball
3-0: Called Strike
3-1: Base on Balls
Batting: RHB Hsin-ping Teoh 0-0: Ball
1-0: Called Strike
1-1: Ball
2-1: Fielders Choice at 2nd, 6-4 (Groundball, 6)
Top of the 7th over - 0 runs, 1 hit, 0 errors, 1 left on base; Mt. Vernon 0 - Highwood 2
BOTTOM OF THE 7TH
Highwood Hawks batting - Pitching for Mt. Vernon Bulls : RHP Wilson López
Batting: RHB Walt Mastin 0-0: Foul Ball, location: 2F
0-1: Foul Ball, location: 2F
0-2: Ball
1-2: Ball
2-2: SINGLE (Flyball, 34D)
Pitching: RHP Salvador Villegas
Batting: SHB Leon Green 0-0: Ball
1-0: Ball
2-0: Ball
3-0: Base on Balls
Walt Mastin to second
Batting: LHB Scott Miles 0-0: Called Strike
0-1: Sac Bunt - play at first, batter safe!
Walt Mastin to third
Leon Green to second
Batting: SHB Arvo Helminen 0-0: Ball
1-0: Fly out, F7 (Line Drive, 7D)
Runner from 3rd tags up, SCORES, no throw
Leon Green to third
Batting: LHB Yi-da Yee 0-0: Called Strike
0-1: Foul Ball, location: 2F
0-2: Ball
1-2: DOUBLE (Flyball, 78D)
Leon Green scores
Scott Miles to third
Batting: RHB Jon Deal 0-0: Called Strike
0-1: Foul Ball, location: 2F
0-2: Foul Ball, location: 2F
0-2: Strikes out swinging
Batting: RHB Jimmy Scott 0-0: Ball
1-0: Foul Ball, location: 2F
1-1: DOUBLE (Flyball, 8LXD)
Scott Miles scores
Yi-da Yee scores
Batting: RHB David Warren 0-0: Called Strike
0-1: Ball
1-1: Called Strike
1-2: Strikes out swinging
Bottom of the 7th over - 4 runs, 4 hits, 0 errors, 1 left on base; Mt. Vernon 0 - Highwood 6
TOP OF THE 8TH
Mt. Vernon Bulls batting - Pitching for Highwood Hawks : LHP Kidlat Tria
Now at C: Xiao-gang Xú
Now at 1B: John Langevine
Batting: SHB Roy Snider 0-0: Called Strike
0-1: Ball
1-1: Foul Ball, location: 2F
1-2: Strikes out looking
Batting: RHB Jiao-long Xú 0-0: Swinging Strike
0-1: Foul Ball, location: 2F
0-2: Ball
1-2: Fly out, F5 (Line Drive, 5S)
Batting: RHB Ionut Tintoaca 0-0: Called Strike
0-1: Foul Ball, location: 2F
0-2: Reached on error, E1 (Groundball, 15)
Batting: RHB Kamakakoa Kaponianani 0-0: Ball
1-0: Ball
2-0: Called Strike
2-1: Foul Ball, location: 2F
2-2: Strikes out swinging
Top of the 8th over - 0 runs, 0 hits, 1 error, 1 left on base; Mt. Vernon 0 - Highwood 6
BOTTOM OF THE 8TH
Highwood Hawks batting - Pitching for Mt. Vernon Bulls : RHP Salvador Villegas
Batting: RHB Jamal Grant 0-0: Ball
1-0: Foul Ball, location: 2F
1-1: Called Strike
1-2: Strikes out swinging
Batting: RHB Walt Mastin 0-0: Called Strike
0-1: Ball
1-1: Fly out, F8 (Flyball, 8LS)
Batting: SHB Leon Green 0-0: Ball
1-0: Foul Ball, location: 2F
1-1: Swinging Strike
1-2: Strikes out swinging
Bottom of the 8th over - 0 runs, 0 hits, 0 errors, 0 left on base; Mt. Vernon 0 - Highwood 6
TOP OF THE 9TH
Mt. Vernon Bulls batting - Pitching for Highwood Hawks : LHP Kidlat Tria
Now at 3B: Paco Ibarra
Batting: LHB Tomás Muinos 0-0: Ball
1-0: Foul Ball, location: 2F
1-1: Called Strike
1-2: Strikes out looking
Batting: RHB Bailey Gribbins 0-0: Called Strike
0-1: Called Strike
0-2: Ball
1-2: Foul Ball, location: 2F
1-2: Ball
2-2: Foul Ball, location: 2F
2-2: Ball
3-2: Fly out, F8 (Flyball, 8LS)
Batting: RHB Tony Cardenas 0-0: Ball
1-0: Called Strike
1-1: Ball
2-1: Ball
3-1: Ground out 4-3 (Groundball, 4)
Top of the 9th over - 0 runs, 0 hits, 0 errors, 0 left on base; Mt. Vernon 0 - Highwood 6
Friday, March 29th, 2019 - OOTP Baseball 18.8 Build 76